 Dungeon Crawl Stone Soup version 0.23-a0-103-ge8f8661 (webtiles) character file.

196 topirishpotato the Skirmisher (level 5, 0/47 HPs)
             Began as a Minotaur Monk on Aug 20, 2018.
             Slain by an orc priest
             ... wielding a +0 hand axe
              (6 damage)
             ... on level 3 of the Dungeon.
             The game lasted 00:03:43 (1901 turns).

topirishpotato the Skirmisher (Minotaur Monk)       Turns: 1901, Time: 00:03:43

Health: 0/47       AC:  3    Str: 16    XL:     5   Next: 46%
Magic:  4/4        EV: 13    Int:  7    God:
Gold:   132        SH:  0    Dex: 13    Spells: 4/4 levels left

rFire    . . .     SeeInvis .   p - +3 short sword (venom)
rCold    . . .     Gourm    .   (no shield)
rNeg     . . .     Faith    .   u - +0 leather armour (curse)
rPois    .         Spirit   .   (helmet restricted)
rElec    .         Reflect  .   (no cloak)
rCorr    .         Harm     .   (no gloves)
MR       .....                  (no boots)
Stlth    ++........             (no amulet)
HPRegen  0.15/turn              (no ring)
MPRegen  0.09/turn              (no ring)

@: no status effects
A: retaliatory headbutt, horns 2
a: no special abilities


You were on level 3 of the Dungeon.
You were very hungry.

You visited 1 branch of the dungeon, and saw 3 of its levels.

You collected 132 gold pieces.

Inventory:

Hand Weapons
 a - a +0 falchion
 m - a +2 hand axe of chopping
 p - a +3 short sword of venom (weapon)
Armour
 u - a cursed +0 leather armour (worn)
Wands
 r - a wand of iceblast (7)
Scrolls
 b - 2 scrolls of teleportation {unknown}
 d - 2 scrolls of enchant weapon {unknown}
 f - a scroll of enchant armour {unknown}
 h - a scroll of blinking {unknown}
 i - a scroll of fear {unknown}
 n - a scroll of fog {unknown}
 o - 3 scrolls of identify {unknown}
 t - a scroll of remove curse {unknown}
Potions
 e - a potion of brilliance {unknown}
 g - a potion of heal wounds
 j - a potion of cancellation {unknown}
 k - a potion of lignification {unknown}
 l - a potion of flight {unknown}
 q - a potion of magic {unknown}
 s - a potion of degeneration {unknown}
Comestibles
 c - 6 rations


   Skills:
 + Level 4.6 Fighting
 * Level 1.1(2.8) Short Blades
 - Level 4.5(4.6) Long Blades
 - Level 1.1 Axes
 * Level 2.6 Armour
 + Level 4.3 Dodging
 + Level 2.0 Stealth


You had 4 spell levels left.
You didn't know any spells.
Your spell library was empty.

Dungeon Overview and Level Annotations

Branches:
Dungeon (3/15)

Altars:
Elyvilon
Fedhas


Innate Abilities, Weirdness & Mutations

You reflexively headbutt those who attack you in melee.
You have a pair of horns on your head.


Message History

The adder barely misses you. The orc closely misses you.
You furiously retaliate!
You headbutt the orc.
You kill the orc!
The orc hits you with a hand axe. The orc closely misses you.
The adder barely misses you.
You hit the orc priest.
The orc priest is poisoned.
The orc priest is moderately wounded.
The orc priest hits you with a hand axe.
* * * LOW HITPOINT WARNING * * *
The adder barely misses you. You furiously retaliate!
You headbutt the adder. The orc completely misses you.
The orc hits you with a flail of crushing.
* * * LOW HITPOINT WARNING * * *
x2 The orc hits you with a hand axe.
* * * LOW HITPOINT WARNING * * *
You closely miss the orc priest.
You headbutt the orc priest, but do no damage.
The orc priest is heavily wounded.
The orc priest hits you with a hand axe.
You die...

######## #....((## ##
#.###(^.### .
#.#≈((..≈≈# #.
#.#≈.r♣..≈# #.####
##.......... #....#
#....♣._.♣..
#.######o)###...........
.......@o...(..#≈..♣..≈#
#.....Soo......#≈≈...≈≈#
#######..#..#.####...###
#..#..#.# ##..###
#..#..#.# ##.#..
#..#..#.######.#..
#.................
......#.######.##.
#.#.#.# #.##.


You could see an orc priest, an adder and 3 orcs.

Vanquished Creatures
  Terence (D:2)
  Robin (D:2)
  5 gnolls
  6 adders
  A worm (D:3)
  3 orcs (D:3)
  A giant cockroach (D:2)
  11 goblins
  8 hobgoblins
  5 kobolds
  A quokka (D:3)
  2 ball pythons
  4 bats
  2 frilled lizards
  7 rats
58 creatures vanquished.

Notes
Turn   | Place    | Note
-------+----------+-------------------------------------------
     0 | D:1      | topirishpotato the Minotaur Monk began the quest for the Orb.
     0 | D:1      | Reached XP level 1. HP: 19/19 MP: 0/0
    21 | D:1      | Reached XP level 2. HP: 23/27 MP: 1/1
   553 | D:2      | Reached XP level 3. HP: 21/33 MP: 2/2
   630 | D:2      | Noticed Terence
   641 | D:2      | Killed Terence
   641 | D:2      | Reached skill level 1 in Armour
   669 | D:2      | Reached XP level 4. HP: 19/40 MP: 3/3
   723 | D:2      | Noticed Robin
   741 | D:2      | Killed Robin
   880 | D:2      | Reached skill level 1 in Axes
  1097 | D:2      | Reached XP level 5. HP: 24/47 MP: 4/4
  1545 | D:3      | Found a faded altar of an unknown god.
  1547 | D:3      | Found a blossoming altar of Fedhas.
  1730 | D:3      | Reached skill level 1 in Short Blades
  1869 | D:3      | Found a white marble altar of Elyvilon.
  1901 | D:3      | Slain by an orc priest

Vault maps used:
D:1:      grunt_arrival_crossed_arrows, minmay_misc_feat_more_columns,
          minmay_misc_feat_plants
D:2:      minmay_misc_feat_nine_boxes, uniq_robin, uniq_terence
D:3:      lemuel_doored_altar, overflow_temple_1_default, elyvilon_altar_4,
          chequers_ecumenical_altar_simple_redux, first_ration

Skill      XL: |  1  2  3  4  5 |
---------------+----------------+-----
Fighting       | 4 |  4.6
Long Blades    | 4 |  4.5
Armour         | 1 2 |  2.6
Dodging        | 4 |  4.3
Axes           | 1 |  1.1
Short Blades   | 1 |  1.1
Stealth        | 2 |  2.0

Action                   |  1- 3 |  4- 6 || total
-------------------------+-------+-------++-------
Melee: Falchion          |    43 |       ||    43
       Headbutt          |    12 |    11 ||    23
       Hand axe          |     2 |    18 ||    20
       Short sword       |       |    46 ||    46
  Use: Potion            |       |     2 ||     2
 Stab: Sleeping          |       |     3 ||     3
  Eat: Chunk             |       |     2 ||     2
Armor: Leather armour    |    12 |     7 ||    19
       Robe              |     3 |       ||     3
Dodge: Dodged            |    35 |    63 ||    98
       Rpst.: Falchion   |     6 |       ||     6

Table legend:
 A = Non-vault XP
 B = Vault XP
 C = Vault XP percentage of total XP
 D = Non-vault monster count
 E = Vault monster count
 F = Vault count percentage of total count
                 A         B        C        D         E       F
            +---------+---------+-------+---------+---------+-------
      Total |     216 |      65 |  23.1 |      49 |       9 |  15.5
            +---------+---------+-------+---------+---------+-------
        D:1 |      25 |       0 |   0.0 |       8 |       0 |   0.0
        D:2 |     124 |      65 |  34.4 |      23 |       9 |  28.1
        D:3 |      67 |       0 |   0.0 |      18 |       0 |   0.0
            +---------+---------+-------+---------+---------+-------
